Map: Void Launch

Players

ZPR

  • Race: Zerg Zerg
  • League: Master
  • Spawn Location: 6:00

zpr

  • Race: Terran Terran
  • Spawn Location: 6:00

VOD

Have the link to the VOD?

Description

Time

  • Played on: Feb. 10, 2018, 9:37 a.m.
  • Length: 24:22
Show
View Real Time Build Order
Export as new Build Order

ZPR Zerg 

Build Orders:  

Get SALT Encoding   

  6  0:09  Drone x2  
  7  0:18  Drone x2  
  8  0:28  Drone x2  
  9  0:35  Extractor  
  8  0:41  Drone x2  
  8  0:49  Drone x2  
  10  1:12  Spawning Pool  
  10  1:19  Drone x2  
  11  1:29  Overlord  
  11  1:45  Baneling Nest, Swarmling x3  
  11  1:48  Swarmling x3  
  13  1:52  Extractor  
  13  1:56  Drone x2  
  14  2:04  Drone x2  
  15  2:11  Drone x2  
  16  2:21  Drone x2  
  17  2:30  Drone x2  
  20  2:56  Hatchery  
  19  3:02  Overlord  
  19  3:16  Lair  
  21  3:20  Extractor  
  21  3:26  Drone x2  
  22  3:40  Evolution Chamber  
  22  3:41  Extractor  
  22  3:42  Drone x2  
  23  4:00  Drone x4  
  23  4:01  Drone x2  
  23  4:08  Drone x2  
  29  4:21  Overlord  
  29  4:23  Drone x2  
  29  4:25  Drone x2  
  31  4:31  Drone x2  
  31  4:37  Drone x2  
  35  4:55  Corrosive Acid  
  35  4:56  Heroic Fortitude  
  37  5:22  Drone x2  
  37  5:28  Hive  
  37  5:29  Metabolic Boost  
  38  5:31  Overlord  
  38  5:38  Scourge Nest  
  40  5:56  Zerg Melee Weapons Level 1  
  40  6:01  Drone x2  
  40  6:02  Drone x2  
  44  6:26  Hatchery  
  44  6:28  Hatchery  
  43  6:42  Hatchery  
  43  6:45  Simplified Genome  
  43  6:46  Rupture  
  44  6:55  Hardened Carapace  
  44  7:12  Hatchery  
  46  7:21  Overlord x3  
  48  7:53  Centrifical Hooks  
  48  8:00  Adrenal Overload  
  48  8:01  Zerg Flyer Weapons Level 1  
  48  8:13  Swarmling x3  
  48  8:14  Swarmling x36  
  69  8:25  Swarmling x3  
  69  8:26  Swarmling x12  
  75  8:42  Zerg Melee Weapons Level 2  
  77  8:54  Scourge x2  
  77  8:55  Scourge x30  
  93  9:00  Shredding Claws  
  88  9:15  Scourge x2  
  88  9:16  Scourge x16  
  82  9:41  Roach x10  
  82  9:42  Roach x10, Scourge x8  
  82  9:43  Scourge x8  
  92  10:11  Scourge x2  
  92  10:12  Scourge x12  
  99  10:25  Scourge x6  
  99  10:26  Scourge x20  
  97  10:37  Scourge x2  
  97  10:38  Scourge x28  
  97  10:39  Scourge x4  
  96  10:41  Virulent Spores  
  96  10:45  Scourge x2  
  96  10:46  Scourge x14  
  96  10:47  Scourge x4  
  83  10:54  Swarmling x9  
  83  10:55  Swarmling x6  
  81  11:09  Swarmling x3  
  82  11:10  Swarmling x27  
  82  11:16  Swarmling x9  
  77  11:36  Swarmling x3  
  77  11:37  Swarmling x30  
  77  11:52  Zerg Melee Weapons Level 3  
  77  11:56  Swarmling x3  
  77  11:57  Swarmling x33  
  81  12:13  Swarmling x3  
  81  12:14  Swarmling x33  
  89  12:26  Swarmling x6  
  89  12:27  Swarmling x12  
  96  12:30  Scourge x2  
  92  12:41  Scourge x10  
  92  12:42  Scourge x2  
  97  12:51  Scourge x2  
  97  12:52  Scourge x6  
  97  13:01  Scourge x4  
  97  13:02  Scourge x2  
  97  13:09  Scourge x2  
  99  13:11  Roach x12  
  99  13:12  Roach x8  
  99  13:22  Scourge x4  
  81  13:46  Swarmling x3  
  81  13:47  Swarmling x24, Scourge x6  
  81  13:48  Scourge x14  
  81  13:49  Swarmling x12  
  99  13:50  Swarmling x6  
  89  14:02  Scourge x2  
  89  14:03  Scourge x12  
  89  14:04  Scourge x8  
  85  14:15  Scourge x2  
  85  14:16  Scourge x12  
  68  14:29  Scourge x2  
  55  14:30  Scourge x20  
  55  14:34  Scourge x2  
  57  14:41  Swarmling x3  
  57  14:42  Swarmling x12  
  57  14:56  Swarmling x3  
  57  14:57  Swarmling x18  
  60  15:01  Scourge x8  
  60  15:02  Scourge x2  
  61  15:18  Swarmling x6  
  61  15:19  Swarmling x15  
  70  15:23  Swarmling x6  
  70  15:24  Swarmling x9  
  72  15:44  Swarmling x21  
  72  15:45  Swarmling x15  
  86  15:57  Scourge x2  
  86  15:58  Scourge x10  
  88  16:04  Zerg Flyer Weapons Level 2  
  88  16:09  Scourge x2  
  89  16:10  Scourge x12  
  97  16:26  Hatchery  
  94  16:30  Swarmling x15  
  94  16:34  Roach x2  
  94  16:35  Roach x12  
  94  16:36  Roach x6  
  94  16:43  Scourge x2  
  94  16:44  Scourge x12  
  94  17:07  Scourge x10  
  98  17:30  Scourge x2  
  99  18:17  Scourge x2  
  99  18:18  Scourge x14  
  99  18:19  Scourge x14  
  100  19:06  Scourge x2  
  100  19:07  Scourge x6  
  100  19:28  Scourge x14  
  100  19:29  Scourge x10  
  99  20:37  Scourge x2  
  99  20:38  Scourge x8  
  99  20:44  Scourge x2  
  99  20:45  Scourge x10  
  96  20:52  Scourge x2  
  96  20:53  Scourge x10  
  96  20:56  Scourge x2  
  96  20:57  Scourge x4  
  97  21:24  Scourge x12  
  99  21:53  Roach x4  
  99  21:54  Roach x14  
  99  21:55  Roach x2  
  75  22:01  Scourge x2  
  75  22:02  Scourge x40  
  75  22:03  Scourge x8  
  77  22:20  Scourge x2  
  77  22:21  Scourge x32  
  77  22:27  Scourge x8  
  77  22:28  Scourge x4  
  95  23:11  Scourge x2  
  95  23:12  Scourge x24  
  95  23:13  Scourge x16  
  95  23:15  Scourge x2  
  95  23:16  Scourge x6  
Show
View Real Time Build Order
Export as new Build Order

zpr Terran 

Build Orders:  

Get SALT Encoding   

Tags
 
Commander
RaynorZagara
League
Master
Matchup
Co-op
Replay Pack
Co-op Speedrun
Add a new tag
Caveats
  • Supply blocks, unpowered buildings, or Contaminate may cause inaccurate times.
  • Supply counts are checked every 10 seconds.